cohdb
Replays
Latest Replays
All Replays
Popular Replays
Top Player Replays
Match Explorer
How It Works
Community
CoH3 Stats
Reddit
Sign in to upload your games and track your stats! →
Sign in with Steam
Match 45606058
Unlisted
Match 45606058
Overview
Messages
Build Orders
End
Construct Section Command Post
Royal Engineer Section
Dingo Light Scout Car
Dingo Light Scout Car
ML 3-inch Mortar Team
Selects Air and Sea Battlegroup
Construct Platoon Command Post
Selects Commando Section Paradrop
Commando Section Paradrop
Unlock M3 Stuart Light Tanks
M3 Stuart Light Tank
Commando Section Paradrop
Commando Section Paradrop
Construct Company Command Post
Selects Commando Support Section Paradrop
Crusader II Medium Tank
Crusader II Medium Tank
Crusader II Medium Tank
Crusader II Medium Tank
mitchellvarian12
Liberator4515
M3di4t0r
Metalzone
0
0
Comments
sign in to comment!
No comments posted yet!